 Dungeon Crawl Stone Soup version 0.21.1-1-g345015fe64 (webtiles) character file.

99 HooM the Covered (level 4, -2/40 HPs)
             Began as a Minotaur Fighter on Mar 15, 2018.
             Was a Believer of Lugonu.
             Killed by divine providence
             ... invoked by an orc priest
              (11 damage)
             ... on level 3 of the Dungeon.
             The game lasted 00:07:22 (1296 turns).

HooM the Covered (Minotaur Fighter)                 Turns: 1296, Time: 00:07:22

Health: -2/40      AC: 12    Str: 21    XL:     4   Next: 45%
Magic:  3/3        EV:  4    Int:  5    God:    Lugonu [**....]
Gold:   98         SH:  9    Dex: 10    Spells: 3/3 levels left

rFire    . . .     SeeInvis .   a - +0 war axe
rCold    . . .     Gourm    .   c - +0 shield
rNeg     . . .     Faith    .   i - +0 plate armour
rPois    .         Spirit   .   (helmet restricted)
rElec    .         Reflect  .   (no cloak)
rCorr    .         Harm     .   (no gloves)
MR       .....                  (no boots)
Stlth    ..........             (no amulet)
HPRegen  0.13/turn              (no ring)
MPRegen  0.08/turn              (no ring)

@: no status effects
A: retaliatory headbutt, horns 2
a: Depart the Abyss, Bend Space, Renounce Religion


You were on level 3 of the Dungeon.
You worshipped Lugonu.
Lugonu was pleased with you.
You were not hungry.

You visited 1 branch of the dungeon, and saw 3 of its levels.

You collected 98 gold pieces.

Inventory:

Hand Weapons
 a - a +0 war axe (weapon)
Armour
 b - a +0 scale mail
 c - a +0 shield (worn)
 i - a +0 plate armour (worn)
Wands
 n - a wand of iceblast (9)
Scrolls
 o - a scroll of remove curse
 p - a scroll of teleportation {unknown}
Potions
 d - a potion of might
 e - a potion of heal wounds {unknown}
 g - a potion of resistance {unknown}
 h - a potion of lignification {unknown}
 j - a potion of degeneration {unknown}
 k - 3 potions of brilliance {unknown}
 l - a potion of agility {unknown}
 m - a potion of magic {unknown}
Comestibles
 f - 4 rations


   Skills:
 * Level 4.1 Fighting
 * Level 3.6 Axes
 * Level 4.4 Armour
 * Level 1.0 Dodging
 * Level 0.9 Stealth
 * Level 4.2 Shields


You had 3 spell levels left.
You didn't know any spells.

Dungeon Overview and Level Annotations

Branches:
Dungeon (3/15)

Altars:
Lugonu

Annotations:
D:2 Sigmund


Innate Abilities, Weirdness & Mutations

You reflexively headbutt those who attack you in melee.
You have a pair of horns on your head.


Message History

A worker ant comes into view.
Things that are here:
an orc corpse; a hobgoblin corpse The orc priest hits you.
Your plate armour prevents you from hitting the orc priest.
Your headbutt misses the orc priest.
Your plate armour prevents you from hitting the orc.
You hit the orc priest but do no damage.
The orc hits you but does no damage.
The orc priest mumbles some strange prayers to Beogh against you.
Beogh smites you! The orc hits you but does no damage.
The orc priest mumbles some strange prayers to Beogh against you.
Beogh smites you!
* * * LOW HITPOINT WARNING * * *
Your shield and plate armour prevent you from hitting the orc priest.
You headbutt the orc priest, but do no damage.
Your plate armour prevents you from hitting the orc.
The orc priest mumbles some strange prayers to Beogh against you.
Beogh smites you!
You die...

#o#...#
#########.#
#.#...
#......##.#
#.....
.#.####.##.##
#....##..#†#
#.....#
#...... .#.#
#######
#..#.##.##.#
#.......##.#
#.##o#####.#
#...o@...#.#
###...##.#.#
#...##%#.#
#...##.#.###
#...##.....#
#...####.#.#
....# #.#.#
.##..# #.#.#
#. #... ..#.#


You could see an orc priest and an orc.

Vanquished Creatures
  A worker ant (D:3)
  2 adders (D:2)
  A worm (D:2)
  A leopard gecko (D:2)
  An orc (D:3)
  5 giant cockroaches
  5 goblins
  8 hobgoblins
  3 jackals (D:1)
  2 kobolds (D:1)
  A quokka (D:2)
  11 bats
  2 frilled lizards (D:2)
  5 rats
48 creatures vanquished.

Notes
Turn   | Place    | Note
-------+----------+-------------------------------------------
     0 | D:1      | HooM the Minotaur Fighter began the quest for the Orb.
     0 | D:1      | Reached XP level 1. HP: 19/19 MP: 0/0
    41 | D:1      | Reached XP level 2. HP: 19/27 MP: 1/1
   328 | D:1      | Reached XP level 3. HP: 33/33 MP: 2/2
   547 | D:2      | Noticed Sigmund
   567 | D:2      | HP: 1/33 [something (7)]
   998 | D:2      | Reached XP level 4. HP: 38/40 MP: 3/3
  1095 | D:2      | Found a faded altar of an unknown god.
  1097 | D:2      | Became a worshipper of Lugonu the Unformed
  1097 | D:2      | Reached * piety under Lugonu
  1097 | D:2      | Reached ** piety under Lugonu
  1280 | D:3      | Reached skill level 1 in Dodging
  1296 | D:3      | Killed from afar by an orc priest

Skill      XL: |  1  2  3  4 |
---------------+-------------+-----
Fighting       | 4 |  4.1
Armour         | 4 |  4.4
Shields        | 4 |  4.2
Axes           | 3 |  3.6
Dodging        | 1 |  1.0
Stealth        | |  0.9

Action                   |  1- 3 |  4- 6 || total
-------------------------+-------+-------++-------
Melee: War axe           |    83 |    15 ||    98
       Headbutt          |     8 |     4 ||    12
  Use: Potion            |     2 |       ||     2
       Scroll            |       |     2 ||     2
  Eat: Chunk             |       |     1 ||     1
Armor: Scale mail        |    57 |       ||    57
       Plate armour      |       |     7 ||     7
Dodge: Dodged            |    35 |       ||    35
Block: Shield            |    43 |     4 ||    47
